 Dungeon Crawl Stone Soup version 0.20-a0-842-g939b552 (webtiles) character file.

627 M4edhros the Magician (level 7, -7/46 HPs)
             Began as a Formicid Air Elementalist on Mar 9, 2017.
             Mangled by Edmund
             ... wielding a +1 flail of holy wrath
              (12 damage)
             ... on level 4 of the Dungeon.
             The game lasted 00:08:34 (3648 turns).

M4edhros the Magician (Formicid Air Elementalist)   Turns: 3648, Time: 00:08:35

Health: -7/46      AC:  3    Str: 12    XL:     7   Next: 76%
Magic:  2/13       EV: 18    Int: 15    God:
Gold:   90         SH:  0    Dex: 13    Spells: 14/15 levels left

rFire    . . .     SeeInvis +   r - +4 quarterstaff (chaos)
rCold    . . .     Gourm    .   a - +0 robe
rNeg     . . .     Faith    .   (no shield)
rPois    .         Spirit   .   (helmet unavailable)
rElec    .         Reflect  .   s - +0 cloak
rCorr    .         Harm     .   (no gloves)
MR       .....                  (no boots)
Stlth    ++........             (no amulet)
Regen    0.2/turn               (no ring)
MPRegen  0.2/turn               j - +5 ring of evasion

@: very slightly contaminated
A: permanent stasis, dig shafts and tunnels, four strong arms, antennae 3
a: Dig, Shaft Self


You were on level 4 of the Dungeon.
You were not hungry.

You visited 1 branch of the dungeon, and saw 4 of its levels.

You collected 90 gold pieces.

Inventory:

Hand Weapons
 r - a +4 quarterstaff of chaos (weapon)
Missiles
 h - 62 stones (quivered)
Armour
 a - a +0 robe (worn)
 s - a +0 cloak (worn)
Jewellery
 j - a +5 ring of evasion (left hand)
Wands
 m - a wand of flame (28/48)
Scrolls
 d - 4 scrolls of identify {unknown}
 k - a scroll of blinking {unknown}
 o - 2 scrolls of teleportation {unknown}
 p - a scroll of fear {unknown}
 q - 2 scrolls of random uselessness {unknown}
 t - a scroll of enchant weapon {unknown}
Potions
 e - a potion of brilliance {unknown}
 f - a potion of invisibility {unknown}
 g - a potion of heal wounds {unknown}
 i - a potion of curing {unknown}
 n - 2 potions of lignification {unknown}
 u - a potion of berserk rage {unknown}
 v - 2 potions of cancellation {unknown}
Books
 b - a book of Air

   Spells                             Type                      Level
   a - Shock                          Conjuration/Air              1
   b - Swiftness                      Charms/Air                   2
   c - Static Discharge               Conjuration/Air              3
   d - Airstrike                      Air                          4
   e - Lightning Bolt                 Conjuration/Air              5
Comestibles
 c - 3 bread rations
 l - 2 fruits
 w - 2 chunks of flesh


   Skills:
 + Level 3.2 Dodging
 - Level 2.4 Stealth
 * Level 4.5 Spellcasting
 * Level 3.8 Conjurations
 * Level 4.2 Air Magic


You had 14 spell levels left.
You knew the following spells:

 Your Spells              Type           Power        Failure   Level  Hunger
a - Shock                 Conj/Air       ###.         3%          1    None


Dungeon Overview and Level Annotations

Branches:
Dungeon (4/15)
 Temple: D:4-7

Altars:
Gozag
Okawaru

Annotations:
D:4 Edmund


Innate Abilities, Weirdness & Mutations

You cannot be hasted, slowed, berserked, paralysed or teleported.
You can dig through walls and to a lower floor.
Your four strong arms can wield two-handed weapons with a shield.
You have a pair of large antennae on your head. (SInv)


Message History

Confirm with . or Enter, or press ? or * to list all spells.
Aiming: Shock
Press: ? - help, Shift-Dir - straight line You miscast Shock.
Nothing appears to happen.
Edmund hits you with a flail of holy wrath!
Casting: Shock
Confirm with . or Enter, or press ? or * to list all spells.
Aiming: Shock
Press: ? - help, Shift-Dir - straight line The zap hits Edmund.
Edmund is heavily wounded.
The zap hits Edmund.
Edmund is heavily wounded.
Edmund closely misses you.
Edmund hits you with a flail of holy wrath!
* * * LOW HITPOINT WARNING * * *
Are you sure you want to shaft yourself?
You feel quite a bit more hungry.
Edmund hits you with a flail of holy wrath!
You die...

#.....##.......#.....#
#.....##.......#.....#
#[.....#.......#.....#
#......#.......).....#
#......#)......#.....#
#.....##.......#.....#
##....##########.....#
##+#####....<..@.....#
#......#......@#.....#
#......'.......#.....#
#.....##.......#.....########
#.....##.......#...)........#
##.....'.......#...).....[..#
#....<#.......#............#
.........#..>....#..>.........#
........>#.......#............#
.........#.......#............#


You could see Edmund (berserk).

Vanquished Creatures
  2 phantoms (D:4)
  2 ogres (D:4)
  An orc priest (D:4)
  Crazy Yiuf (D:4)
  2 hounds (D:4)
  2 iguanas (D:4)
  A hound skeleton (D:4)
  4 gnolls (D:4)
  3 oozes
  A worm (D:3)
  A leopard gecko (D:4)
  4 orcs (D:4)
  3 bats
  A giant cockroach (D:4)
  9 hobgoblins
  7 jackals
  A ball python skeleton (D:4)
  7 frilled lizards
  2 kobolds
  2 rats (D:2)
56 creatures vanquished.

Notes
Turn   | Place    | Note
-------+----------+-------------------------------------------
     0 | D:1      | M4edhros the Formicid Air Elementalist began the quest for the Orb.
     0 | D:1      | Reached XP level 1. HP: 13/13 MP: 3/3
    73 | D:1      | Reached skill level 1 in Conjurations
   111 | D:1      | Reached XP level 2. HP: 19/19 MP: 1/5
  1044 | D:2      | Reached XP level 3. HP: 24/24 MP: 3/6
  1687 | D:3      | Found an opulent altar of Gozag.
  1764 | D:3      | Reached XP level 4. HP: 21/30 MP: 0/8
  1839 | D:4      | Noticed a phantom
  1965 | D:4      | Killed a phantom
  1965 | D:4      | Reached XP level 5. HP: 14/35 MP: 2/9
  2015 | D:4      | Noticed an ogre
  2021 | D:4      | Noticed Edmund
  2021 | D:4      | Noticed a phantom
  2573 | D:4      | Reached XP level 6. HP: 14/41 MP: 1/11
  2822 | D:4      | Killed an ogre
  2855 | D:4      | Found a runed door.
  2859 | D:4      | Noticed Crazy Yiuf
  2865 | D:4      | Killed Crazy Yiuf
  3144 | D:4      | Found an iron altar of Okawaru.
  3149 | D:4      | Noticed an ogre
  3170 | D:4      | Killed an ogre
  3170 | D:4      | Reached XP level 7. HP: 8/46 MP: 2/13
  3648 | D:4      | Mangled by Edmund

Vault maps used:
D:1:      sevenhm_arrival_forest_fort_large_2
D:3:      nicolae_gozag_cash_rules_everything_around_me, first_bread,
          fountainhead
D:4:      okawaru_metal_pillars_1_2, uniq_edmund, uniq_crazy_yiuf_cottage

Skill      XL: |  1  2  3  4  5  6  7 |
---------------+----------------------+-----
Conjurations   | 1 2 3 |  3.8
Dodging        | 2 3 |  3.2
Spellcasting   | 3 4 |  4.5
Air Magic      | 3 4 |  4.2
Stealth        | |  2.4

Action                   |  1- 3 |  4- 6 |  7- 9 || total
-------------------------+-------+-------+-------++-------
Melee: Unarmed           |    67 |    10 |       ||    77
       Quarterstaff      |       |     4 |    11 ||    15
 Cast: Shock             |    68 |    69 |    37 ||   174
 Abil: Dig               |     1 |       |       ||     1
       Shaft Self        |       |       |     1 ||     1
  Eat: Chunk             |     3 |     4 |     2 ||     9
       Fruit             |       |     1 |       ||     1
Armor: Robe              |    13 |     4 |     2 ||    19
Dodge: Dodged            |    57 |    41 |    15 ||   113
